3339 views
Uploaded 2020-03-20 09:16:20
Game version 1.32.3
28:07 long 4on4 ladder game on (8)Feralas_LV
Saved by BaDitO2
3339 views
Uploaded 2020-03-20 09:16:20
Game version 1.32.3
28:07 long 4on4 ladder game on (8)Feralas_LV


148 units @ 20.4k
/ 2.6k
132 buildings @ 15.6k
/ 7.4k
BaDitO2
(31)
(28:04) : 
| Scroll of Regeneration | 3 | 300 |
| Potion of Healing | 1 | 150 |
| Scroll of Town Portal | 2 | 700 |
| Scroll of Healing | 1 | 250 |
| Potion of Lesser Invulnerability | 1 | 150 |
| Boots of Speed | 1 | 250 |
| Periapt of Vitality | 1 | 325 |
| total: | 10 | 2125g |
| Peasant | 19 | 1425 | / | 0 |
| Footman | 17 | 2295 | / | 0 |
| Siege Engine | 14 | 2730 | / | 840 |
| Rifleman | 6 | 1230 | / | 180 |
| Sorceress | 4 | 620 | / | 80 |
| total: | 60 | 8300g | / | 1100w |
| Scout Tower | 29 | 870 | / | 580 |
| Arcane Tower | 1 | 70 | / | 50 |
| Guard Tower | 21 | 1470 | / | 1050 |
| Altar of Kings | 2 | 360 | / | 100 |
| Farm | 14 | 1120 | / | 280 |
| Barracks | 2 | 320 | / | 120 |
| Town Hall | 2 | 770 | / | 410 |
| Arcane Vault | 1 | 130 | / | 30 |
| Lumber Mill | 2 | 240 | / | 0 |
| Blacksmith | 1 | 140 | / | 60 |
| Workshop | 7 | 980 | / | 980 |
| Arcane Sanctum | 2 | 300 | / | 280 |
| Keep | 2 | 640 | / | 420 |
| Castle | 1 | 360 | / | 210 |
| total: | 62 | 5230g | / | 2840w |
| 0:04 | Peasant |
| 0:04 | Peasant |
| 0:07 | Altar of Kings |
| 0:22 | Farm |
| 0:23 | Peasant |
| 0:23 | Peasant |
| 0:24 | Peasant |
| 0:35 | Barracks |
| 0:59 | Farm |
| 1:01 | Peasant |
| 1:16 | Peasant |
| 1:17 | Peasant |
| 1:17 | Peasant |
| 1:42 | Farm |
| 1:47 | Footman |
| 1:47 | Footman |
| 2:09 | Blizzard |
| 2:19 | Peasant |
| 2:19 | Peasant |
| 2:19 | Peasant |
| 2:19 | Peasant |
| 2:19 | Peasant |
| 2:34 | Footman |
| 2:58 | Peasant |
| 2:59 | Footman |
| 3:10 | Town Hall |
| 3:24 | Brilliance Aura |
| 4:00 | Arcane Vault |
| 4:01 | Peasant |
| 4:26 | Peasant |
| 4:43 | Lumber Mill |
| 4:47 | Footman |
| 4:47 | Footman |
| 4:49 | Scroll of Regeneration |
| 4:53 | Keep |
| 4:58 | Scout Tower |
| 4:59 | Scout Tower |
| 5:00 | Scout Tower |
| 5:01 | Scout Tower |
| 5:02 | Scout Tower |
| 5:04 | Scout Tower |
| 5:14 | Footman |
| 5:18 | Lumber Mill |
| 5:21 | Barracks |
| 5:34 | Footman |
| 5:41 | Arcane Tower |
| 5:59 | Footman |
| 6:15 | Guard Tower |
| 6:26 | Defend |
| 6:26 | Footman |
| 6:32 | Blacksmith |
| 6:37 | Guard Tower |
| 6:53 | Footman |
| 7:06 | Footman |
| 7:07 | Guard Tower |
| 7:17 | Farm |
| 7:24 | Keep |
| 7:39 | Guard Tower |
| 7:42 | Castle |
| 7:44 | Guard Tower |
| 8:01 | Farm |
| 8:02 | Farm |
| 8:02 | Farm |
| 8:08 | Workshop |
| 8:08 | Workshop |
| 8:10 | Peasant |
| 8:10 | Peasant |
| 8:12 | Scout Tower |
| 8:14 | Scout Tower |
| 8:14 | Scout Tower |
| 8:16 | Scout Tower |
| 8:51 | Black Gunpowder |
| 9:40 | Footman |
| 9:45 | Guard Tower |
| 9:56 | Workshop |
| 9:59 | Workshop |
| 10:30 | Blizzard |
| 10:47 | Footman |
| 11:02 | Barrage |
| 11:17 | Footman |
| 11:18 | Footman |
| 11:18 | Footman |
| 11:31 | Workshop |
| 11:33 | Siege Engine |
| 11:33 | Siege Engine |
| 11:44 | Siege Engine |
| 11:44 | Siege Engine |
| 11:44 | Siege Engine |
| 11:51 | Scroll of Town Portal |
| 12:07 | Siege Engine |
| 12:07 | Siege Engine |
| 12:33 | Siege Engine |
| 12:42 | Farm |
| 12:48 | Farm |
| 12:48 | Farm |
| 12:48 | Farm |
| 12:50 | Farm |
| 12:50 | Farm |
| 13:13 | Refined Gunpowder |
| 13:17 | Scroll of Town Portal |
| 13:18 | Potion of Lesser Invulnerability |
| 13:19 | Boots of Speed |
| 13:26 | Siege Engine |
| 13:44 | Potion of Healing |
| 13:44 | Scroll of Regeneration |
| 14:03 | Siege Engine |
| 14:26 | Siege Engine |
| 14:34 | Brilliance Aura |
| 14:35 | Siege Engine |
| 15:00 | Siege Engine |
| 15:05 | Scout Tower |
| 15:07 | Scout Tower |
| 15:11 | Scout Tower |
| 15:28 | Siege Engine |
| 16:07 | Guard Tower |
| 16:19 | Scout Tower |
| 16:28 | Workshop |
| 16:30 | Workshop |
| 16:35 | Blizzard |
| 16:39 | Scout Tower |
| 16:55 | Guard Tower |
| 16:58 | Scout Tower |
| 17:32 | Guard Tower |
| 17:44 | Scroll of Healing |
| 17:44 | Periapt of Vitality |
| 17:54 | Guard Tower |
| 18:15 | Scout Tower |
| 18:19 | Scout Tower |
| 18:48 | Guard Tower |
| 18:50 | Scout Tower |
| 19:34 | Guard Tower |
| 19:43 | Town Hall |
| 19:46 | Scout Tower |
| 19:47 | Scout Tower |
| 19:47 | Scout Tower |
| 19:48 | Scout Tower |
| 19:49 | Scout Tower |
| 19:50 | Scout Tower |
| 19:51 | Scout Tower |
| 20:09 | Guard Tower |
| 20:16 | Guard Tower |
| 20:18 | Mass Teleport |
| 21:04 | Guard Tower |
| 21:04 | Guard Tower |
| 21:39 | Guard Tower |
| 22:03 | Guard Tower |
| 22:18 | Scroll of Regeneration |
| 22:42 | Guard Tower |
| 22:58 | Rifleman |
| 22:58 | Rifleman |
| 23:02 | Scout Tower |
| 23:05 | Scout Tower |
| 23:07 | Scout Tower |
| 23:27 | Farm |
| 23:30 | Guard Tower |
| 23:39 | Guard Tower |
| 23:54 | Rifleman |
| 24:01 | Arcane Sanctum |
| 25:18 | Rifleman |
| 25:21 | Altar of Kings |
| 25:22 | Arcane Sanctum |
| 25:28 | Brilliance Aura |
| 26:01 | Rifleman |
| 26:02 | Rifleman |
| 26:30 | Sorceress |
| 26:30 | Sorceress |
| 27:49 | Sorceress |
| 27:50 | Sorceress |
| Right click | 1300 |
| Select | 374 |
| Select group | 371 |
| Build/train/purchase | 148 |
| Chat | 119 |
| Assign group | 59 |
| Misc. action | 56 |
| Use ability | 49 |
| Esc | 15 |
| Resource trade | 15 |

| Scroll of Regeneration | 2 | 200 |
| Lesser Clarity Potion | 2 | 140 |
| Potion of Healing | 2 | 300 |
| Orb of Fire | 1 | 325 |
| total: | 7 | 965g |
| Peasant | 11 | 825 | / | 0 |
| Footman | 4 | 540 | / | 0 |
| Rifleman | 22 | 4510 | / | 660 |
| Forest Troll Shadow Priest | 1 | 195 | / | 10 |
| total: | 38 | 6070g | / | 670w |
| Scout Tower | 7 | 210 | / | 140 |
| Arcane Tower | 2 | 140 | / | 100 |
| Altar of Kings | 1 | 180 | / | 50 |
| Farm | 11 | 880 | / | 220 |
| Barracks | 3 | 480 | / | 180 |
| Blacksmith | 1 | 140 | / | 60 |
| Arcane Vault | 1 | 130 | / | 30 |
| Town Hall | 2 | 770 | / | 410 |
| Keep | 1 | 320 | / | 210 |
| total: | 26 | 2790g | / | 1090w |
| 0:02 | Peasant |
| 0:02 | Peasant |
| 0:06 | Altar of Kings |
| 0:18 | Farm |
| 0:21 | Peasant |
| 0:38 | Barracks |
| 0:40 | Peasant |
| 0:48 | Farm |
| 0:53 | Peasant |
| 1:10 | Peasant |
| 1:11 | Peasant |
| 1:17 | Peasant |
| 1:28 | Farm |
| 1:42 | Footman |
| 1:53 | Blacksmith |
| 2:12 | Farm |
| 2:22 | Barracks |
| 2:35 | Summon Water Elemental |
| 2:41 | Footman |
| 3:04 | Footman |
| 3:28 | Footman |
| 3:49 | Rifleman |
| 3:56 | Farm |
| 4:12 | Arcane Vault |
| 4:44 | Rifleman |
| 4:53 | Rifleman |
| 5:08 | Rifleman |
| 5:40 | Rifleman |
| 5:47 | Rifleman |
| 5:57 | Scroll of Regeneration |
| 6:04 | Lesser Clarity Potion |
| 7:03 | Barracks |
| 7:16 | Scout Tower |
| 7:22 | Farm |
| 7:23 | Farm |
| 7:26 | Peasant |
| 7:26 | Peasant |
| 7:26 | Peasant |
| 7:28 | Brilliance Aura |
| 7:43 | Black Gunpowder |
| 7:46 | Keep |
| 8:16 | Rifleman |
| 8:21 | Scout Tower |
| 8:23 | Scout Tower |
| 8:24 | Scout Tower |
| 8:25 | Scout Tower |
| 8:26 | Scout Tower |
| 8:27 | Scout Tower |
| 8:39 | Forest Troll Shadow Priest |
| 8:45 | Summon Water Elemental |
| 8:54 | Studded Leather Armor |
| 9:14 | Arcane Tower |
| 9:57 | Brilliance Aura |
| 10:02 | Rifleman |
| 10:24 | Rifleman |
| 10:25 | Long Rifles |
| 10:53 | Rifleman |
| 11:09 | Rifleman |
| 11:30 | Summon Water Elemental |
| 11:35 | Rifleman |
| 12:02 | Rifleman |
| 12:26 | Arcane Tower |
| 12:51 | Refined Gunpowder |
| 13:03 | Farm |
| 13:06 | Scroll of Regeneration |
| 13:13 | Potion of Healing |
| 15:01 | Rifleman |
| 15:13 | Town Hall |
| 15:26 | Rifleman |
| 15:53 | Rifleman |
| 16:14 | Mass Teleport |
| 16:42 | Rifleman |
| 17:01 | Rifleman |
| 17:49 | Lesser Clarity Potion |
| 17:49 | Potion of Healing |
| 17:53 | Orb of Fire |
| 18:39 | Rifleman |
| 19:39 | Blizzard |
| 19:50 | Rifleman |
| 19:51 | Rifleman |
| 20:46 | Town Hall |
| 20:58 | Farm |
| 21:01 | Farm |
| 21:03 | Farm |
| 21:12 | Iron Plating |
| 21:14 | Reinforced Leather Armor |
| 21:15 | Rifleman |
| 21:43 | Brilliance Aura |
| Select group | 1205 |
| Right click | 644 |
| Select | 249 |
| Misc. action | 197 |
| Build/train/purchase | 111 |
| Chat | 98 |
| Assign group | 26 |
| Use ability | 21 |
| Resource trade | 4 |
| Remove unit | 3 |
| Minimap ping | 3 |


| Healing Salve | 2 | 200 |
| Lesser Clarity Potion | 4 | 280 |
| Scroll of Speed | 1 | 50 |
| Potion of Mana | 1 | 200 |
| Dust of Appearance | 1 | 75 |
| Scroll of Town Portal | 2 | 700 |
| Staff of Teleportation | 1 | 150 |
| Potion of Lesser Invulnerability | 1 | 150 |
| Boots of Speed | 1 | 250 |
| Staff of Preservation | 1 | 150 |
| Scroll of Regeneration | 1 | 100 |
| total: | 16 | 2305g |
| Peon | 15 | 1125 | / | 0 |
| Troll Headhunter | 9 | 1260 | / | 180 |
| Grunt | 1 | 200 | / | 0 |
| total: | 25 | 2585g | / | 180w |
| Watch Tower | 11 | 1210 | / | 880 |
| Altar of Storms | 1 | 180 | / | 50 |
| Orc Burrow | 5 | 800 | / | 200 |
| Barracks | 2 | 360 | / | 100 |
| War Mill | 1 | 205 | / | 0 |
| Voodoo Lounge | 3 | 390 | / | 90 |
| Great Hall | 1 | 385 | / | 185 |
| Stronghold | 1 | 315 | / | 190 |
| total: | 24 | 3530g | / | 1505w |
| 0:03 | Peon |
| 0:03 | Peon |
| 0:07 | Altar of Storms |
| 0:19 | Orc Burrow |
| 0:31 | Barracks |
| 0:38 | Peon |
| 0:49 | Peon |
| 1:00 | Peon |
| 1:27 | War Mill |
| 1:30 | Peon |
| 1:40 | Voodoo Lounge |
| 1:49 | Peon |
| 2:03 | Peon |
| 2:13 | Endurance Aura |
| 2:35 | Orc Burrow |
| 3:28 | Troll Headhunter |
| 3:28 | Troll Headhunter |
| 3:28 | Troll Headhunter |
| 3:40 | Barracks |
| 4:00 | Steel Ranged Weapons |
| 4:00 | Steel Armor |
| 4:19 | Watch Tower |
| 4:24 | Troll Headhunter |
| 4:53 | Troll Headhunter |
| 5:11 | Grunt |
| 5:22 | Stronghold |
| 5:34 | Orc Burrow |
| 5:43 | Healing Salve |
| 6:06 | Shockwave |
| 6:42 | Dust of Appearance |
| 6:42 | Staff of Preservation |
| 6:46 | Troll Headhunter |
| 7:18 | Troll Headhunter |
| 7:23 | Orc Burrow |
| 7:27 | Lesser Clarity Potion |
| 7:31 | Scroll of Regeneration |
| 7:39 | Lesser Clarity Potion |
| 8:02 | Watch Tower |
| 8:10 | Troll Headhunter |
| 8:14 | Troll Regeneration |
| 9:03 | Shockwave |
| 9:17 | Great Hall |
| 9:22 | Watch Tower |
| 9:23 | Watch Tower |
| 9:25 | Watch Tower |
| 9:26 | Watch Tower |
| 9:28 | Voodoo Lounge |
| 9:31 | Watch Tower |
| 10:02 | Voodoo Lounge |
| 11:06 | Scroll of Town Portal |
| 11:18 | Drunken Haze |
| 11:56 | Watch Tower |
| 12:04 | Peon |
| 12:04 | Peon |
| 12:05 | Peon |
| 12:05 | Peon |
| 12:17 | Scroll of Town Portal |
| 12:43 | Peon |
| 12:50 | Scroll of Speed |
| 12:51 | Healing Salve |
| 12:56 | Lesser Clarity Potion |
| 13:13 | Watch Tower |
| 13:18 | Peon |
| 13:22 | Troll Headhunter |
| 13:28 | Peon |
| 13:38 | Orc Burrow |
| 14:15 | Watch Tower |
| 14:18 | Watch Tower |
| 16:31 | Breath of Fire |
| 17:11 | Endurance Aura |
| 17:39 | Drunken Haze |
| 19:31 | Staff of Teleportation |
| 19:31 | Potion of Lesser Invulnerability |
| 19:39 | Boots of Speed |
| 19:53 | Endurance Aura |
| 22:48 | Lesser Clarity Potion |
| 22:58 | Potion of Mana |
| 26:19 | Reincarnation |
| Right click | 1473 |
| Chat | 434 |
| Select | 399 |
| Select group | 241 |
| Misc. action | 90 |
| Build/train/purchase | 78 |
| Use ability | 66 |
| Assign group | 45 |
| Resource trade | 12 |
| Minimap ping | 8 |
| Item give/drop | 2 |
⇛
DandaElPanda
(2)
(27:58) : 
| Lesser Clarity Potion | 11 | 770 |
| Potion of Mana | 6 | 1200 |
| Orb of Venom | 1 | 325 |
| Moonstone | 3 | 150 |
| Potion of Healing | 6 | 900 |
| Scroll of Healing | 1 | 250 |
| Potion of Lesser Invulnerability | 2 | 300 |
| Staff of Teleportation | 1 | 150 |
| Potion of Invisibility | 1 | 100 |
| Scroll of Regeneration | 1 | 100 |
| total: | 33 | 4245g |
| Wisp | 17 | 1020 | / | 0 |
| Archer | 1 | 130 | / | 10 |
| Mountain Giant | 6 | 2100 | / | 600 |
| Dryad | 1 | 145 | / | 60 |
| total: | 25 | 3395g | / | 670w |
| Ancient Protector | 4 | 540 | / | 320 |
| Altar of Elders | 1 | 180 | / | 50 |
| Moon Well | 5 | 900 | / | 200 |
| Ancient of War | 1 | 150 | / | 60 |
| Ancient of Wonders | 1 | 90 | / | 30 |
| Hunter's Hall | 1 | 210 | / | 100 |
| Tree of Life | 5 | 1700 | / | 925 |
| Ancient of Lore | 2 | 310 | / | 290 |
| Tree of Ages | 2 | 640 | / | 360 |
| Tree of Eternity | 2 | 660 | / | 400 |
| total: | 20 | 4080g | / | 1975w |
| 0:01 | Wisp |
| 0:01 | Wisp |
| 0:07 | Altar of Elders |
| 0:16 | Moon Well |
| 0:25 | Ancient of War |
| 0:31 | Wisp |
| 0:44 | Wisp |
| 0:52 | Wisp |
| 1:13 | Wisp |
| 1:25 | Wisp |
| 1:31 | Archer |
| 1:45 | Wisp |
| 1:46 | Wisp |
| 2:10 | Fan of Knives |
| 2:20 | Tree of Ages |
| 2:32 | Ancient of Wonders |
| 2:50 | Moon Well |
| 3:15 | Blink |
| 3:56 | Hunter's Hall |
| 4:08 | Lesser Clarity Potion |
| 4:09 | Lesser Clarity Potion |
| 4:51 | Wisp |
| 4:51 | Wisp |
| 4:51 | Wisp |
| 5:11 | Ancient of Lore |
| 5:15 | Ancient of Lore |
| 5:51 | Tree of Eternity |
| 6:32 | Mountain Giant |
| 6:37 | Moon Well |
| 6:38 | Moon Well |
| 6:39 | Lesser Clarity Potion |
| 6:40 | Lesser Clarity Potion |
| 6:40 | Potion of Mana |
| 6:57 | Strength of the Wild |
| 7:05 | Tree of Life |
| 7:49 | Mountain Giant |
| 8:32 | Fan of Knives |
| 8:52 | Mountain Giant |
| 8:55 | Mountain Giant |
| 9:02 | Tree of Life |
| 9:55 | Hardened Skin |
| 9:55 | Resistant Skin |
| 9:58 | Reinforced Hides |
| 10:51 | Orb of Venom |
| 10:52 | Lesser Clarity Potion |
| 11:49 | Tree of Life |
| 11:56 | Wisp |
| 11:56 | Wisp |
| 11:56 | Wisp |
| 11:56 | Wisp |
| 11:56 | Wisp |
| 13:53 | Moonstone |
| 13:53 | Lesser Clarity Potion |
| 14:03 | Tree of Life |
| 14:30 | Dryad |
| 14:45 | Potion of Mana |
| 14:45 | Potion of Healing |
| 14:59 | Blink |
| 16:01 | Potion of Healing |
| 16:01 | Potion of Mana |
| 16:20 | Potion of Healing |
| 16:20 | Lesser Clarity Potion |
| 16:34 | Lesser Clarity Potion |
| 16:34 | Scroll of Regeneration |
| 16:53 | Potion of Mana |
| 17:08 | Potion of Lesser Invulnerability |
| 17:08 | Staff of Teleportation |
| 17:39 | Tree of Ages |
| 17:50 | Fan of Knives |
| 18:27 | Lesser Clarity Potion |
| 18:28 | Moonstone |
| 20:34 | Mountain Giant |
| 20:35 | Mountain Giant |
| 20:36 | Improved Strength of the Wild |
| 20:36 | Improved Reinforced Hides |
| 20:38 | Lesser Clarity Potion |
| 20:38 | Moonstone |
| 20:40 | Potion of Healing |
| 20:40 | Potion of Mana |
| 20:45 | Tree of Eternity |
| 21:57 | Potion of Lesser Invulnerability |
| 22:38 | Potion of Invisibility |
| 22:39 | Scroll of Healing |
| 22:54 | Potion of Healing |
| 22:55 | Potion of Mana |
| 22:57 | Lesser Clarity Potion |
| 23:01 | Potion of Healing |
| 23:31 | Spirit of Vengeance |
| 26:06 | Blink |
| 26:47 | Tree of Life |
| 26:49 | Ancient Protector |
| 26:51 | Ancient Protector |
| 26:51 | Ancient Protector |
| 26:54 | Ancient Protector |
| 27:04 | Moon Well |
| Right click | 1835 |
| Select | 484 |
| Chat | 425 |
| Build/train/purchase | 168 |
| Select group | 119 |
| Assign group | 88 |
| Use ability | 43 |
| Misc. action | 17 |
| Minimap ping | 15 |
| Resource trade | 15 |
| Item give/drop | 2 |
| Esc | 2 |
152 units @ 20.6k
/ 2.5k
99 buildings @ 14.3k
/ 6.6k

| Scroll of Regeneration | 4 | 400 |
| Scroll of Town Portal | 4 | 1400 |
| total: | 8 | 1800g |
| Peasant | 26 | 1950 | / | 0 |
| Footman | 3 | 405 | / | 0 |
| Rifleman | 18 | 3690 | / | 540 |
| Knight | 4 | 980 | / | 240 |
| total: | 51 | 7025g | / | 780w |
| Barracks | 2 | 320 | / | 120 |
| Altar of Kings | 1 | 180 | / | 50 |
| Farm | 12 | 960 | / | 240 |
| Blacksmith | 1 | 140 | / | 60 |
| Town Hall | 4 | 1540 | / | 820 |
| Arcane Vault | 1 | 130 | / | 30 |
| Lumber Mill | 1 | 120 | / | 0 |
| Keep | 1 | 320 | / | 210 |
| Castle | 1 | 360 | / | 210 |
| total: | 22 | 3390g | / | 1320w |
| 0:03 | Peasant |
| 0:03 | Peasant |
| 0:11 | Barracks |
| 0:15 | Altar of Kings |
| 0:16 | Farm |
| 0:31 | Peasant |
| 0:50 | Peasant |
| 0:57 | Farm |
| 1:06 | Peasant |
| 1:17 | Footman |
| 1:23 | Peasant |
| 1:38 | Farm |
| 1:39 | Footman |
| 1:48 | Peasant |
| 2:02 | Footman |
| 2:20 | Holy Light |
| 2:20 | Peasant |
| 2:26 | Blacksmith |
| 2:39 | Peasant |
| 3:23 | Peasant |
| 3:31 | Town Hall |
| 3:36 | Divine Shield |
| 4:02 | Rifleman |
| 4:22 | Rifleman |
| 4:38 | Peasant |
| 4:39 | Peasant |
| 4:40 | Arcane Vault |
| 4:56 | Rifleman |
| 5:08 | Farm |
| 5:10 | Studded Leather Armor |
| 5:12 | Peasant |
| 5:12 | Peasant |
| 5:44 | Rifleman |
| 5:51 | Barracks |
| 5:53 | Black Gunpowder |
| 5:54 | Peasant |
| 5:54 | Peasant |
| 5:56 | Lumber Mill |
| 6:32 | Scroll of Regeneration |
| 6:36 | Rifleman |
| 6:37 | Keep |
| 6:45 | Rifleman |
| 6:50 | Farm |
| 6:52 | Farm |
| 6:58 | Rifleman |
| 7:13 | Scroll of Regeneration |
| 7:20 | Rifleman |
| 7:29 | Farm |
| 7:32 | Rifleman |
| 7:49 | Scroll of Town Portal |
| 8:02 | Holy Light |
| 8:59 | Long Rifles |
| 8:59 | Reinforced Leather Armor |
| 9:00 | Refined Gunpowder |
| 9:03 | Rifleman |
| 9:17 | Scroll of Town Portal |
| 9:42 | Rifleman |
| 10:58 | Castle |
| 11:00 | Farm |
| 11:02 | Farm |
| 11:45 | Farm |
| 11:48 | Scroll of Town Portal |
| 11:48 | Scroll of Regeneration |
| 11:52 | Scroll of Regeneration |
| 12:09 | Rifleman |
| 12:09 | Rifleman |
| 12:25 | Rifleman |
| 12:29 | Divine Shield |
| 12:53 | Farm |
| 13:04 | Scroll of Town Portal |
| 13:21 | Imbued Gunpowder |
| 13:30 | Dragonhide Armor |
| 14:11 | Farm |
| 14:13 | Rifleman |
| 14:52 | Holy Light |
| 14:58 | Town Hall |
| 15:52 | Rifleman |
| 15:52 | Rifleman |
| 16:21 | Rifleman |
| 16:47 | Resurrection |
| 17:09 | Peasant |
| 17:09 | Peasant |
| 17:09 | Peasant |
| 17:11 | Divine Shield |
| 17:43 | Peasant |
| 17:43 | Peasant |
| 17:57 | Peasant |
| 17:57 | Peasant |
| 17:57 | Peasant |
| 18:46 | Town Hall |
| 19:09 | Iron Forged Swords |
| 20:08 | Town Hall |
| 20:13 | Peasant |
| 20:33 | Peasant |
| 20:47 | Knight |
| 21:14 | Knight |
| 21:14 | Steel Forged Swords |
| 21:56 | Knight |
| 22:14 | Knight |
| Right click | 2467 |
| Select | 779 |
| Select group | 516 |
| Build/train/purchase | 99 |
| Assign group | 52 |
| Use ability | 31 |
| Minimap ping | 21 |
| Misc. action | 3 |



| Lesser Clarity Potion | 1 | 70 |
| Scroll of Regeneration | 1 | 100 |
| Scroll of Town Portal | 1 | 350 |
| total: | 3 | 520g |
| Peasant | 28 | 2100 | / | 0 |
| Footman | 7 | 945 | / | 0 |
| Priest | 11 | 1485 | / | 110 |
| Gryphon Rider | 7 | 1960 | / | 490 |
| Knight | 4 | 980 | / | 240 |
| total: | 57 | 7470g | / | 840w |
| Scout Tower | 9 | 270 | / | 180 |
| Guard Tower | 3 | 210 | / | 150 |
| Arcane Tower | 1 | 70 | / | 50 |
| Barracks | 1 | 160 | / | 60 |
| Altar of Kings | 1 | 180 | / | 50 |
| Farm | 10 | 800 | / | 200 |
| Town Hall | 5 | 1925 | / | 1025 |
| Lumber Mill | 1 | 120 | / | 0 |
| Arcane Vault | 2 | 260 | / | 60 |
| Blacksmith | 1 | 140 | / | 60 |
| Arcane Sanctum | 1 | 150 | / | 140 |
| Gryphon Aviary | 2 | 280 | / | 300 |
| Keep | 1 | 320 | / | 210 |
| Castle | 1 | 360 | / | 210 |
| total: | 33 | 4285g | / | 2075w |
| 0:04 | Peasant |
| 0:04 | Peasant |
| 0:16 | Barracks |
| 0:23 | Altar of Kings |
| 0:25 | Peasant |
| 0:25 | Peasant |
| 0:37 | Farm |
| 1:02 | Peasant |
| 1:09 | Farm |
| 1:10 | Peasant |
| 1:10 | Peasant |
| 1:24 | Footman |
| 1:39 | Farm |
| 1:54 | Footman |
| 2:17 | Peasant |
| 2:19 | Farm |
| 2:22 | Summon Water Elemental |
| 2:34 | Keep |
| 2:53 | Footman |
| 3:24 | Footman |
| 3:31 | Brilliance Aura |
| 4:06 | Footman |
| 4:25 | Town Hall |
| 4:33 | Farm |
| 5:01 | Summon Lava Spawn |
| 5:21 | Arcane Sanctum |
| 5:22 | Footman |
| 5:24 | Defend |
| 5:28 | Footman |
| 5:56 | Peasant |
| 5:56 | Peasant |
| 5:57 | Peasant |
| 5:58 | Lumber Mill |
| 6:18 | Town Hall |
| 6:45 | Farm |
| 6:47 | Castle |
| 6:53 | Summon Water Elemental |
| 7:20 | Arcane Vault |
| 7:24 | Gryphon Aviary |
| 7:33 | Scout Tower |
| 7:44 | Blacksmith |
| 7:49 | Gryphon Aviary |
| 7:51 | Priest |
| 7:52 | Priest |
| 8:55 | Priest |
| 8:55 | Priest |
| 8:59 | Improved Lumber Harvesting |
| 9:04 | Town Hall |
| 9:06 | Scout Tower |
| 9:09 | Town Hall |
| 9:17 | Arcane Vault |
| 9:31 | Scout Tower |
| 9:41 | Soul Burn |
| 9:54 | Gryphon Rider |
| 9:56 | Knight |
| 10:02 | Priest |
| 10:19 | Guard Tower |
| 10:21 | Scout Tower |
| 10:29 | Scout Tower |
| 10:48 | Town Hall |
| 11:24 | Peasant |
| 11:24 | Peasant |
| 11:25 | Peasant |
| 12:06 | Peasant |
| 12:06 | Peasant |
| 12:34 | Peasant |
| 12:34 | Peasant |
| 12:40 | Scout Tower |
| 13:06 | Peasant |
| 13:06 | Peasant |
| 13:10 | Farm |
| 13:23 | Brilliance Aura |
| 13:24 | Summon Lava Spawn |
| 13:33 | Arcane Tower |
| 13:37 | Scout Tower |
| 13:42 | Farm |
| 14:40 | Guard Tower |
| 14:41 | Peasant |
| 14:41 | Peasant |
| 14:41 | Peasant |
| 14:42 | Peasant |
| 14:42 | Peasant |
| 15:34 | Sundering Blades |
| 15:39 | Priest |
| 15:39 | Priest |
| 15:41 | Gryphon Rider |
| 17:13 | Knight |
| 17:13 | Knight |
| 17:14 | Gryphon Rider |
| 17:14 | Gryphon Rider |
| 17:15 | Priest |
| 17:15 | Priest |
| 17:47 | Iron Forged Swords |
| 17:58 | Scout Tower |
| 17:59 | Scout Tower |
| 18:02 | Farm |
| 18:03 | Farm |
| 18:05 | Peasant |
| 18:05 | Peasant |
| 18:05 | Peasant |
| 18:06 | Advanced Lumber Harvesting |
| 18:37 | Priest |
| 18:37 | Priest |
| 18:48 | Animal War Training |
| 18:50 | Gryphon Rider |
| 18:50 | Gryphon Rider |
| 18:57 | Scroll of Town Portal |
| 19:04 | Lesser Clarity Potion |
| 19:05 | Scroll of Regeneration |
| 19:33 | Summon Quilbeast |
| 20:29 | Knight |
| 20:31 | Gryphon Rider |
| 20:32 | Priest Adept Training |
| 20:45 | Guard Tower |
| Right click | 471 |
| Select | 321 |
| Select group | 248 |
| Build/train/purchase | 132 |
| Misc. action | 81 |
| Assign group | 77 |
| Minimap ping | 18 |
| Esc | 11 |
| Resource trade | 5 |
| Use ability | 4 |

| Lesser Clarity Potion | 5 | 350 |
| Healing Salve | 5 | 500 |
| Tiny Great Hall | 1 | 600 |
| Boots of Speed | 1 | 250 |
| Staff of Teleportation | 1 | 150 |
| total: | 13 | 1850g |
| Peon | 9 | 675 | / | 0 |
| Troll Batrider | 11 | 1760 | / | 440 |
| Raider | 1 | 180 | / | 40 |
| total: | 21 | 2615g | / | 480w |
| Watch Tower | 7 | 770 | / | 560 |
| Altar of Storms | 1 | 180 | / | 50 |
| Orc Burrow | 5 | 800 | / | 200 |
| War Mill | 1 | 205 | / | 0 |
| Voodoo Lounge | 1 | 130 | / | 30 |
| Great Hall | 1 | 385 | / | 185 |
| Beastiary | 4 | 580 | / | 560 |
| Stronghold | 1 | 315 | / | 190 |
| Fortress | 1 | 325 | / | 190 |
| total: | 20 | 3050g | / | 1585w |
| 0:02 | Peon |
| 0:09 | Altar of Storms |
| 0:13 | Peon |
| 0:18 | Orc Burrow |
| 0:32 | Peon |
| 0:47 | Peon |
| 0:49 | War Mill |
| 0:56 | Peon |
| 1:08 | Voodoo Lounge |
| 1:14 | Peon |
| 1:23 | Peon |
| 1:33 | Peon |
| 1:39 | Peon |
| 2:07 | Wind Walk |
| 2:13 | Lesser Clarity Potion |
| 2:13 | Lesser Clarity Potion |
| 2:13 | Healing Salve |
| 2:18 | Stronghold |
| 2:33 | Orc Burrow |
| 2:48 | Orc Burrow |
| 4:08 | Boots of Speed |
| 4:08 | Staff of Teleportation |
| 4:40 | Fortress |
| 4:55 | Beastiary |
| 4:57 | Beastiary |
| 4:58 | Beastiary |
| 5:07 | Reinforced Defenses |
| 5:57 | Lesser Clarity Potion |
| 5:57 | Healing Salve |
| 5:59 | Lesser Clarity Potion |
| 6:00 | Troll Batrider |
| 6:03 | Steel Ranged Weapons |
| 6:06 | Orc Burrow |
| 6:38 | Critical Strike |
| 6:54 | Troll Batrider |
| 7:06 | Liquid Fire |
| 7:07 | Troll Batrider |
| 7:35 | Thorium Ranged Weapons |
| 7:44 | Troll Batrider |
| 8:05 | Lesser Clarity Potion |
| 8:06 | Healing Salve |
| 8:47 | Tiny Great Hall |
| 9:23 | Watch Tower |
| 9:46 | Troll Batrider |
| 9:57 | Arcanite Ranged Weapons |
| 10:30 | Troll Batrider |
| 11:29 | Troll Batrider |
| 11:31 | Beastiary |
| 11:58 | Troll Batrider |
| 12:37 | Troll Batrider |
| 12:49 | Healing Salve |
| 12:51 | Healing Salve |
| 13:11 | Watch Tower |
| 13:12 | Watch Tower |
| 13:13 | Watch Tower |
| 13:14 | Watch Tower |
| 13:15 | Watch Tower |
| 13:19 | Watch Tower |
| 13:40 | Troll Batrider |
| 14:29 | Raider |
| 14:50 | Orc Burrow |
| 14:59 | Troll Batrider |
| 15:10 | Critical Strike |
| 15:47 | Great Hall |
| Right click | 1110 |
| Select group | 860 |
| Select | 215 |
| Build/train/purchase | 71 |
| Assign group | 25 |
| Use ability | 23 |
| Misc. action | 7 |
| Chat | 5 |
| Item give/drop | 3 |
| Minimap ping | 3 |
| Esc | 1 |





| Lesser Clarity Potion | 5 | 350 |
| Scroll of Regeneration | 4 | 400 |
| Potion of Mana | 2 | 400 |
| Potion of Healing | 2 | 300 |
| Scroll of Town Portal | 2 | 700 |
| Orb of Lightning | 2 | 750 |
| Healing Salve | 1 | 100 |
| total: | 18 | 3000g |
| Peasant | 6 | 450 | / | 0 |
| Footman | 9 | 1215 | / | 0 |
| Rifleman | 2 | 410 | / | 60 |
| Siege Engine | 1 | 195 | / | 60 |
| Knight | 5 | 1225 | / | 300 |
| total: | 23 | 3495g | / | 420w |
| Scout Tower | 5 | 150 | / | 100 |
| Arcane Tower | 3 | 210 | / | 150 |
| Guard Tower | 2 | 140 | / | 100 |
| Altar of Kings | 2 | 360 | / | 100 |
| Farm | 6 | 480 | / | 120 |
| Barracks | 2 | 320 | / | 120 |
| Arcane Vault | 2 | 260 | / | 60 |
| Blacksmith | 1 | 140 | / | 60 |
| Town Hall | 4 | 1540 | / | 820 |
| Workshop | 2 | 280 | / | 280 |
| Keep | 1 | 320 | / | 210 |
| Castle | 1 | 360 | / | 210 |
| total: | 24 | 3530g | / | 1660w |
| 0:05 | Altar of Kings |
| 0:07 | Peasant |
| 0:07 | Peasant |
| 0:18 | Farm |
| 0:23 | Peasant |
| 0:36 | Peasant |
| 0:51 | Barracks |
| 1:06 | Peasant |
| 1:15 | Peasant |
| 1:20 | Arcane Vault |
| 1:50 | Farm |
| 1:59 | Footman |
| 2:02 | Farm |
| 2:08 | Flame Strike |
| 2:14 | Footman |
| 3:04 | Footman |
| 3:04 | Footman |
| 3:25 | Blacksmith |
| 3:54 | Keep |
| 3:59 | Footman |
| 4:02 | Lesser Clarity Potion |
| 4:24 | Footman |
| 4:41 | Farm |
| 4:44 | Iron Plating |
| 5:51 | Lesser Clarity Potion |
| 5:52 | Scroll of Regeneration |
| 5:59 | Farm |
| 6:20 | Siphon Mana |
| 6:33 | Castle |
| 7:09 | Scout Tower |
| 7:12 | Lesser Clarity Potion |
| 7:13 | Scroll of Regeneration |
| 7:19 | Workshop |
| 7:30 | Rifleman |
| 7:40 | Storm Bolt |
| 8:07 | Rifleman |
| 8:35 | Flame Strike |
| 9:07 | Arcane Vault |
| 9:17 | Farm |
| 9:24 | Black Gunpowder |
| 9:31 | Scroll of Regeneration |
| 9:36 | Scroll of Regeneration |
| 9:41 | Lesser Clarity Potion |
| 10:00 | Arcane Tower |
| 10:06 | Scout Tower |
| 10:50 | Holy Light |
| 11:38 | Potion of Mana |
| 11:38 | Orb of Lightning |
| 11:42 | Potion of Healing |
| 12:27 | Town Hall |
| 12:37 | Siphon Mana |
| 12:42 | Siege Engine |
| 12:45 | Workshop |
| 12:49 | Potion of Healing |
| 12:50 | Potion of Mana |
| 13:07 | Scroll of Town Portal |
| 14:29 | Scroll of Town Portal |
| 14:29 | Orb of Lightning |
| 14:30 | Lesser Clarity Potion |
| 14:31 | Healing Salve |
| 14:36 | Thunder Clap |
| 16:25 | Town Hall |
| 17:22 | Divine Shield |
| 19:23 | Town Hall |
| 19:36 | Divine Shield |
| 21:56 | Scout Tower |
| 22:07 | Improved Masonry |
| 23:19 | Town Hall |
| 23:50 | Knight |
| 23:50 | Knight |
| 23:50 | Knight |
| 25:14 | Guard Tower |
| 25:44 | Altar of Kings |
| 25:48 | Barracks |
| 25:51 | Scout Tower |
| 26:21 | Knight |
| 26:21 | Knight |
| 26:24 | Incinerate |
| 26:43 | Arcane Tower |
| 26:49 | Scout Tower |
| 27:17 | Footman |
| 27:17 | Footman |
| 27:17 | Footman |
| 27:38 | Summon Bear |
| Right click | 783 |
| Select group | 367 |
| Select | 250 |
| Misc. action | 170 |
| Build/train/purchase | 107 |
| Use ability | 75 |
| Assign group | 26 |
| Esc | 5 |
| Remove unit | 2 |
| Item give/drop | 1 |